 Dungeon Crawl Stone Soup version 0.21.1-1-g345015f (webtiles) character file.

716 inc the Shield-Bearer (level 7, 0/41 HPs)
             Began as an Octopode Ice Elementalist on June 13, 2018.
             Slain by an orc priest
             ... wielding a +0 hand axe
              (5 damage)
             ... on level 5 of the Dungeon.
             The game lasted 00:07:45 (5111 turns).

inc the Shield-Bearer (Octopode Ice Elementalist)   Turns: 5111, Time: 00:07:45

Health: 0/41       AC:  1    Str:  7    XL:     7   Next: 69%
Magic:  10/10      EV: 11    Int: 19    God:
Gold:   203        SH: 14    Dex: 13    Spells: 9/10 levels left

rFire    . . .     SeeInvis .     - Unarmed
rCold    . . .     Gourm    .   f - +5 shield
rNeg     . . .     Faith    .   (helmet restricted)
rPois    .         Spirit   .   (no amulet)
rElec    .         Reflect  .   (no ring)
rCorr    .         Harm     .   (no ring)
MR       .....                  (no ring)
Stlth    +++.......             (no ring)
HPRegen  0.13/turn              (no ring)
MPRegen  0.12/turn              (no ring)
                                (no ring)
                                (no ring)

@: no status effects
A: almost no armour, stealthy swim, amphibious, 8 rings, constrict 8, camouflage
1, gelatinous body 1
a: no special abilities


You were on level 5 of the Dungeon.
You were not hungry.

You visited 1 branch of the dungeon, and saw 5 of its levels.

You collected 203 gold pieces.

Inventory:

Armour
 f - a +5 shield (worn)
Magical Staves
 c - an uncursed staff of fire
Jewellery
 t - an uncursed ring of ice {unknown}
 u - a cursed -2 ring of protection {unknown}
Wands
 k - a wand of clouds (3)
Scrolls
 d - 4 scrolls of enchant armour
 e - 2 scrolls of fear
 g - a scroll of fog
 j - 3 scrolls of remove curse
 q - a scroll of teleportation {unknown}
 r - a scroll of identify
 v - a scroll of amnesia {unknown}
Potions
 h - a potion of haste {unknown}
 i - 2 potions of brilliance
 l - a potion of might
 m - a potion of heal wounds {unknown}
 n - a potion of degeneration {unknown}
 o - a potion of flight {unknown}
 p - a potion of ambrosia {unknown}
 s - a potion of curing {unknown}
Books
 a - a book of Frost

   Spells                             Type                      Level
   a - Freeze                         Ice                          1
   b - Throw Frost                    Conjuration/Ice              2
   c - Ozocubu's Armour               Charms/Ice                   3
   d - Throw Icicle                   Conjuration/Ice              4
   e - Summon Ice Beast               Ice/Summoning                4
Comestibles
 b - 8 rations


   Skills:
 - Level 2.0 Dodging
 - Level 2.6 Stealth
 + Level 5.8 Shields
 - Level 5.4 Unarmed Combat
 - Level 2.0 Spellcasting
   Level 1.0 Conjurations
 - Level 3.0 Ice Magic


You had 9 spell levels left.
You knew the following spells:

 Your Spells              Type           Power        Failure   Level  Hunger
a - Freeze                Ice            ##..         16%         1    #......


Dungeon Overview and Level Annotations

Branches:
Dungeon (5/15)
 Temple: D:4-7

Altars:
Cheibriados
Elyvilon
Kikubaaqudgha
Nemelex Xobeh
Wu Jian

Annotations:
D:4 sking99's ghost, novice HOMo


Innate Abilities, Weirdness & Mutations

You cannot wear most types of armour.
You are very stealthy in the water. (Stealth+)
You are amphibious.
You can wear up to eight rings at the same time.
You can use your tentacles to constrict eight enemies at once.
Your skin changes colour to match your surroundings (Stealth+).
Your rubbery body absorbs attacks. (AC +1, EV +1)


Message History

You kill the orc wizard!
The orc priest hits you with a hand axe.
* * * LOW HITPOINT WARNING * * *
Unknown command.
Okay, then.
You tentacle-slap the orc but do no damage.
Your grab misses the orc. You constrict the orc priest.
You block the orc priest's attack. You block the orc's attack.
Unknown command.
You tentacle-slap the orc. Your grab misses the orc.
The orc is moderately wounded.
You constrict the orc priest. The orc priest barely misses you.
Unknown command.
You barely miss the orc. You grab the orc.
The orc is moderately wounded.
You constrict the orc priest.
You constrict the orc, but do no damage.
You block the orc's attack.
The orc priest hits you with a hand axe.
You die...

### ###
######.######.###
..................
#######..#####.###
#..## #....
########...####.###
#.@oo..............
###o...#...##......
#.h........+......
+.........##......
#.........###..#..
#o................
#.........##......
...........#######
..........<.# ≈≈≈≈≈


You could see a howler monkey, an orc priest and 2 orcs.

Vanquished Creatures
  An ogre (D:4)
  2 scorpions (D:4)
  An orc priest (D:4)
  3 hounds (D:4)
  A centaur skeleton (D:4)
  2 orc wizards
  A bullfrog skeleton (D:4)
  Natasha (thrice) (D:2)
  2 worker ants (D:4)
  A hound skeleton (D:5)
  5 adders
  3 gnolls (D:3)
  2 oozes
  3 dart slugs
  2 worms (D:2)
  A leopard gecko (D:2)
  11 orcs
  2 ball pythons
  8 giant cockroaches
  7 goblins
  2 hobgoblins (D:2)
  6 jackals (D:2)
  9 kobolds
  A quokka (D:5)
  8 bats
  3 frilled lizards (D:2)
  4 rats
94 creatures vanquished.

Vanquished Creatures (others)
  A human (D:2)
1 creature vanquished.

Grand Total: 95 creatures vanquished

Notes
Turn   | Place    | Note
-------+----------+-------------------------------------------
     0 | D:1      | inc the Octopode Ice Elementalist began the quest for the Orb.
     0 | D:1      | Reached XP level 1. HP: 11/11 MP: 3/3
    84 | D:1      | Reached skill level 1 in Unarmed Combat
   633 | D:1      | Reached XP level 2. HP: 17/17 MP: 5/5
  1096 | D:2      | Found a faded altar of an unknown god.
  1222 | D:2      | Reached XP level 3. HP: 21/21 MP: 6/6
  1359 | D:2      | Found a snail-covered altar of Cheibriados.
  1472 | D:2      | Reached XP level 4. HP: 9/27 MP: 7/7
  1970 | D:2      | You fall through a shaft!
  2171 | D:2      | Noticed Natasha
  2180 | D:2      | Killed Natasha
  2218 | D:2      | Noticed Natasha
  2225 | D:2      | Killed Natasha
  2225 | D:2      | Reached XP level 5. HP: 21/31 MP: 8/8
  2467 | D:2      | Noticed Natasha
  2470 | D:2      | Killed Natasha
  2658 | D:2      | Reached skill level 5 in Unarmed Combat
  2709 | D:2      | Found an ancient bone altar of Kikubaaqudgha.
  2710 | D:2      | Noticed a human
  2712 | D:2      | Killed a human
  2906 | D:3      | Found an ornate altar of the Wu Jian Council.
  3566 | D:3      | Found a white marble altar of Elyvilon.
  3628 | D:4      | Reached skill level 1 in Shields
  3628 | D:4      | Reached XP level 6. HP: 28/36 MP: 9/9
  3700 | D:4      | Noticed sking99's ghost (novice HOMo)
  3833 | D:4      | Reached XP level 7. HP: 4/41 MP: 10/10
  4597 | D:4      | Reached skill level 5 in Shields
  4957 | D:5      | Entered Level 5 of the Dungeon
  4983 | D:5      | Found a sparkling altar of Nemelex Xobeh.
  5111 | D:5      | Slain by an orc priest

Skill      XL: |  1  2  3  4  5  6  7 |
---------------+----------------------+-----
Unarmed Combat | 1 2 3 4 5 |  5.4
Shields        | 1 4 5 |  5.8
Dodging        | |  2.0
Stealth        | |  2.6
Spellcasting   | |  2.0
Conjurations   | |  1.0
Ice Magic      | |  3.0

Action                   |  1- 3 |  4- 6 |  7- 9 || total
-------------------------+-------+-------+-------++-------
Melee: Unarmed           |    95 |   128 |    79 ||   302
       Constrict         |    29 |    33 |    19 ||    81
       Tentacles         |    18 |    27 |    18 ||    63
       Punch             |     2 |     3 |     3 ||     8
  Use: Scroll            |       |     7 |     4 ||    11
       Potion            |       |     1 |       ||     1
 Stab: Sleeping          |     6 |     4 |     2 ||    12
  Eat: Chunk             |     2 |     6 |     5 ||    13
Armor: Skin              |    12 |    15 |     2 ||    29
Dodge: Dodged            |    66 |    79 |    13 ||   158
Block: Shield            |       |       |    44 ||    44
